 Dungeon Crawl Stone Soup version 0.29-a0-732-g3d7fbe0af2 (webtiles) character file.

Game seed: 4708462895923867652

1726 gobodom the Gouger (level 8, -7/33 HPs)
             Began as a Felid Transmuter on June 30, 2022.
             Was an Elder of Jiyva.
             Killed from afar by an electric eel (9 damage)
             ... with a bolt of electricity
             ... on level 8 of the Dungeon.
             The game lasted 00:43:45 (6434 turns).

gobodom the Gouger (Felid Transmuter)               Turns: 6434, Time: 00:43:46

Health: -7/33      AC:  3    Str:  6    XL:     8   Next: 75%
Magic:  16/16      EV: 20    Int: 25    God:    Jiyva [****..]
Gold:   346        SH:  0    Dex: 14    Spells: 10/16 levels left
                                        Lives:  0   Deaths: 2

rFire   . . .      SeeInvis +     - Unarmed
rCold   + . .      Faith    .   (shield unavailable)
rNeg    . . .      Spirit   .   (body armour unavailable)
rPois   .          Reflect  .   (helmet unavailable)
rElec   .          Harm     .   (cloak unavailable)
rCorr   +          Rampage  .   (gloves unavailable)
Will    +....                   (boots unavailable)
Stlth   +++.......              (no amulet)
HPRegen 1.39/turn               (no ring)
MPRegen 0.55/turn               (no ring)

@: appendages, wereblooded, quick
A: horns 2, very small, claws 1, fangs 3, see invisible, speed 1, shaggy fur 3,
stealthy paws, no weapons or thrown items, no armour, multi-lived, clever 2,
acidic bite, tendrils, jelly absorbing missiles, engulf
a: End Transformation, Renounce Religion, Oozemancy, Slimify


You were on level 8 of the Dungeon.
You worshipped Jiyva.
Jiyva was greatly pleased with you.
You had temporarily grown beastly horns.
You visited 2 branches of the dungeon, and saw 9 of its levels.

You collected 346 gold pieces.

Inventory:

Hand Weapons
 h - the +12 pair of quick blades "Gyre" and "Gimble" {protect}
   (You found it on level 2 of the Dungeon)

   It grants its wielder temporary protection when it strikes (+7 to AC).
Armour
 j - a +2 hat
Wands
 m - a wand of polymorph (30)
 n - a wand of flame (12)
 s - a wand of paralysis (3)
Scrolls
 b - 2 scrolls of blinking
 c - a scroll of magic mapping {unknown}
 d - a scroll of enchant weapon {unknown}
 l - a scroll of noise
 o - a scroll of fear {unknown}
 q - a scroll of teleportation {unknown}
 t - a scroll of identify
Potions
 a - 5 potions of lignification
 e - 2 potions of ambrosia
 f - 2 potions of resistance
 g - a potion of brilliance {unknown}
 i - a potion of haste {unknown}
 k - a potion of heal wounds {unknown}
 p - a potion of flight {unknown}
 r - a potion of berserk rage {unknown}


   Skills:
 + Level 2.3 Fighting
 + Level 7.1 Dodging
 + Level 6.7 Stealth
 + Level 9.1 Unarmed Combat
 + Level 4.9 Spellcasting
 + Level 5.4 Transmutations
 + Level 1.1 Poison Magic
 + Level 1.7 Evocations


You had 10 spell levels left.
You knew the following spells:

 Your Spells              Type           Power      Damage    Failure   Level
a - Beastly Appendage     Tmut           66%        N/A       1%          1
b - Wereblood             Tmut           33%        N/A       1%          2
c - Spider Form           Tmut/Pois      22%        N/A       7%          3

Your spell library contained the following spells:

 Spells                   Type           Power      Damage    Failure   Level
 Static Discharge         Conj/Air       6%         N/A       13%         2
 Ice Form                 Ice/Tmut       19%        N/A       26%         4
 Dispel Undead            Necr           6%         3d8       63%         4
 Sticky Flame             Conj/Fire      6%         2d3       63%         4


Dungeon Overview and Level Annotations

Branches:
Dungeon (8/15)             Temple (1/1) D:7
   Lair: D:8-11

Altars:
Ashenzari
Cheibriados
Dithmenos
Elyvilon
Fedhas
Gozag
Hepliaklqana
Kikubaaqudgha
Makhleb
Nemelex Xobeh
Okawaru
Qazlal
Ru
Sif Muna
Trog
Uskayaw
Vehumet
Wu Jian
Xom
Yredelemnul
Zin
The Shining One
Jiyva


Innate Abilities, Weirdness & Mutations

You have temporarily grown beastly horns.
You have sharp claws.
You have razor-sharp teeth.
You have supernaturally acute eyesight. (SInv)
You cover ground quickly. (Speed+)
Your thick and shaggy fur keeps you warm. (AC +3, rC+)
Your paws help you pounce on unaware monsters.
You are incapable of wielding weapons or throwing items.
You cannot wear armour.
You gain extra lives every three experience levels.
Your mind is very acute. (Int +8, Str/Dex -2)
You have acidic saliva.
You are covered in slimy tendrils that may disarm your opponents.
You have a small jelly attached to you that may absorb projectiles.
Your melee attacks may engulf your foes in ooze.


Message History

You howl as the wereblood boils in your veins!
You feel sick. The killer bee closely misses you.
You claw the killer bee!
The killer bee is almost dead.
You feel sick. The killer bee misses you.
You claw the killer bee!
You feel a bit better.
You kill the killer bee!
You feel sick. The killer bee misses you.
You claw the killer bee!
You engulf the killer bee in ooze!
You bite the killer bee.
You feel a bit better.
You kill the killer bee!
You feel sick.
You feel sick.
You see here a killer bee corpse.
You feel sick.
You hear a distant slurping noise.
You feel sick.
You feel sick.
You are no longer poisoned.
You open the door.
You hear a distant slurping noise.
Found a stone staircase leading up.
There is an open door here.
The electric eel shoots out a bolt of lightning at you!
The bolt of electricity hits you!
You hear an angry hiss.
There is an open door here.
You howl as the wereblood boils in your veins!
You howl as the wereblood boils in your veins!
There is an open door here.
The electric eel shoots out a bolt of lightning at you!
The bolt of electricity hits you!
The electric eel shoots out a bolt of lightning at you!
The bolt of electricity hits you!
The electric eel shoots out a bolt of lightning at you!
The bolt of electricity hits the electric eel.
The electric eel completely resists.
The bolt of electricity hits you!
* * * LOW HITPOINT WARNING * * *
The bolt of electricity hits you!
You die...

#.........≈≈≈≈#≈..#
#......≈≈≈≈#≈≈≈≈..########
####.#.≈#≈≈≈≈#≈≈≈.........#
#.#.≈≈≈#≈≈≈≈#≈.........#
#.#..≈≈≈≈#S≈≈≈.........#
####
#.#..≈#S≈≈≈#≈≈≈...<....#
#... #.#
.≈≈≈#≈≈≈≈#≈....J...# #.##
#.# ..≈≈≈≈#≈S≈≈........#
#.# #.#
#?≈#≈≈≈≈.@.........# #.#
#.# .≈≈≈....##........# #.#
#.# .....#.. #........# #.#
#.# #....#.. ####'##### #.#
#.####....##. #.# #.#
#....'....##. #.########.#
######...###. #.......†..#
#.........##. ############
#.........#


You could see a lava snake, 2 electric eels and a neutral jelly (wandering)
(fellow slime).

Vanquished Creatures
  Joseph (D:7)
  The ghost of frustraionsimulator the Skirmisher, a novice SpHu of Jiyva (D:5)
  Edmund (D:4)
  2 water moccasins
  Duvessa (D:4)
  An orc warrior (D:7)
  A black bear (D:5)
  An ice beast (D:6)
  3 sky beasts (D:7)
  A centaur (D:7)
  Blork the orc (D:6)
  A gnoll sergeant (D:6)
  A necrophage (D:6)
  3 bullfrogs
  3 wights
  Dowan (D:4)
  6 killer bees (D:8)
  A quasit (D:6)
  3 orc priests
  A hound (D:5)
  Crazy Yiuf (D:6)
  4 iguanas
  Ijyb (D:5)
  3 orc wizards
  2 hound skeletons (D:3)
  A howler monkey zombie (D:3)
  3 gnolls (D:6)
  6 adders
  2 shadow imps
  2 white imps
  An adder zombie (D:3)
  3 worms
  4 dart slugs
  21 orcs
  4 ball pythons
  2 giant cockroaches (D:2)
  5 goblins
  6 hobgoblins
  3 jackals (D:2)
  4 quokkas
  A ball python skeleton (D:3)
  6 bats
  A frilled lizard (D:2)
  2 goblin zombies (D:6)
  4 kobolds
  A kobold skeleton (D:6)
  3 kobold zombies (D:6)
  An orc skeleton (D:6)
  A quokka skeleton (D:3)
  6 rats
138 creatures vanquished.

Vanquished Creatures (others)
  A bullfrog (D:7)
  A scorpion (D:7)
  A hound (D:5)
  7 jellies
  A gnoll (D:3)
  2 worms
  4 orcs (D:5)
  2 bats (D:2)
  4 endoplasms
  A giant cockroach (D:4)
  5 goblins
  2 hobgoblins (D:2)
  A jackal (D:2)
  2 kobolds
  A jackal skeleton (D:3)
  A rat (D:2)
  2 butterflies (D:5)
  4 withered plants (D:3)
42 creatures vanquished.

Grand Total: 180 creatures vanquished

Notes
Turn   | Place    | Note
-------+----------+-------------------------------------------
     0 | D:1      | gobodom the Felid Transmuter began the quest for the Orb.
     0 | D:1      | Reached XP level 1. HP: 9/9 MP: 4/4
   364 | D:1      | Reached XP level 2. HP: 12/12 MP: 4/6
   745 | D:1      | Found a faded altar of an unknown god.
   756 | D:1      | Prayed at the altar of an unknown god.
   756 | D:1      | Became a worshipper of Jiyva Jatwinky the Shapeless
   756 | D:1      | Reached * piety under Jiyva
  1000 | D:1      | Learned a level 2 spell: Wereblood
  1123 | D:2      | Reached XP level 3. HP: 15/15 MP: 7/7
  1195 | D:2      | You fall into a shaft and drop 2 floors!
  1203 | D:4      | Noticed Dowan
  1302 | D:4      | Reached ** piety under Jiyva
  1323 | D:4      | Noticed Duvessa
  1404 | D:4      | Reached skill level 1 in Stealth
  1425 | D:3      | Reached skill level 4 in Unarmed Combat
  1425 | D:3      | Reached XP level 4. HP: 19/19 MP: 6/9
  1473 | D:2      | Found the +12 pair of quick blades "Gyre" and "Gimble"
                  | {protect}
  1701 | D:3      | Identified the +4 ring mail "Sore" {rPois rN+ Will+ Dex+2}
  1756 | D:3      | Reached *** piety under Jiyva
  1874 | D:3      | Reached XP level 5. HP: 22/22 MP: 10/10
  2318 | D:3      | Gained mutation: Your mind is acute. (Int +4, Str/Dex -1)
                  | [Jiyva's grace]
  2318 | D:3      | Gained mutation: Your mind is very acute. (Int +8, Str/Dex
                  | -2) [Jiyva's grace]
  2318 | D:3      | Gained mutation: You have acidic saliva. [Jiyva's grace]
  2318 | D:3      | Gained mutation: You are covered in slimy tendrils that may
                  | disarm your opponents. [Jiyva's grace]
  2487 | D:4      | Killed Duvessa
  2488 | D:4      | Reached skill level 5 in Unarmed Combat
  2488 | D:4      | Gained mutation: You are covered in thick fur. (AC +2)
                  | [Felid growth]
  2488 | D:4      | Reached XP level 6. HP: 13/25 MP: 11/11
  2490 | D:4      | Killed Dowan
  2659 | D:4      | Found a white marble altar of Elyvilon.
  2662 | D:4      | Found a bloodstained altar of Trog.
  2666 | D:4      | Found an opulent altar of Gozag.
  2699 | D:4      | Noticed Edmund
  2731 | D:5      | Entered Level 5 of the Dungeon
  2746 | D:5      | Noticed Ijyb
  2789 | D:5      | Killed Ijyb
  2825 | D:5      | Learned a level 3 spell: Spider Form
  2870 | D:5      | Found a shimmering altar of Xom.
  2880 | D:5      | Slain by a black bear
  2881 | D:5      | Reached XP level 5. HP: 1/22 MP: 10/10
  3006 | D:5      | Found a snail-covered altar of Cheibriados.
  3090 | D:5      | Killed a black bear
  3091 | D:5      | Reached XP level 6. HP: 25/25 MP: 7/11
  3180 | D:5      | Noticed a water moccasin
  3195 | D:5      | Killed a water moccasin
  3389 | D:5      | Noticed frustraionsimulator's ghost (novice SpHu)
  3392 | D:5      | Found a runed translucent door.
  3660 | D:6      | Reached skill level 6 in Unarmed Combat
  3705 | D:6      | Reached XP level 7. HP: 28/28 MP: 13/13
  3805 | D:6      | Reached skill level 5 in Dodging
  3805 | D:6      | Reached skill level 5 in Stealth
  3896 | D:6      | Found a glowing golden altar of the Shining One.
  4096 | D:6      | Noticed Blork the orc
  4116 | D:6      | Killed Blork the orc
  4117 | D:6      | Reached skill level 7 in Unarmed Combat
  4117 | D:6      | Reached XP level 8. HP: 28/32 MP: 14/14
  4186 | D:6      | Found a runed translucent door.
  4187 | D:6      | Noticed Crazy Yiuf
  4220 | D:6      | Killed Crazy Yiuf
  4390 | D:7      | Noticed Joseph
  5064 | D:4      | Killed Edmund
  5226 | D:5      | Killed frustraionsimulator's ghost
  5227 | D:5      | Reached skill level 1 in Poison Magic
  5227 | D:5      | Reached skill level 1 in Evocations
  5364 | D:6      | Reached skill level 8 in Unarmed Combat
  5364 | D:6      | Reached skill level 5 in Transmutations
  5472 | D:7      | Lost mutation: You have acidic saliva. [Jiyva's grace]
  5472 | D:7      | Gained mutation: Your thick and shaggy fur keeps you warm.
                  | (AC +3, rC+) [Jiyva's grace]
  5472 | D:7      | Gained mutation: You have acidic saliva. [Jiyva's grace]
  5472 | D:7      | Gained mutation: Your melee attacks may engulf your foes in
                  | ooze. [Jiyva's grace]
  5472 | D:7      | Gained mutation: You have a small jelly attached to you
                  | that may absorb projectiles. [Jiyva's grace]
  5490 | D:7      | Reached XP level 9. HP: 35/36 MP: 16/16
  5575 | D:7      | Found a blossoming altar of Fedhas.
  5576 | D:7      | Found a sacrificial altar of Ru.
  5579 | D:7      | Found a broken altar of Ashenzari.
  5586 | D:7      | Reached **** piety under Jiyva
  5647 | D:7      | Found a staircase to the Ecumenical Temple.
  5653 | Temple   | Entered the Ecumenical Temple
  6041 | D:7      | Slain by Joseph
  6042 | D:7      | Reached XP level 8. HP: 0/33 MP: 15/15
  6070 | D:7      | Paralysed by Joseph for 5 turns
  6077 | D:7      | Killed Joseph
  6408 | D:8      | Reached skill level 9 in Unarmed Combat
  6434 | D:8      | Killed from afar by an electric eel

Illustrated notes

Levels and vault maps discovered:
D:1:      dpeg_arrival_court, layout_basic, shapermc_ecumenical_altar_notcrosses
D:2:      layout_basic, minmay_guardbox
D:3:      layout_basic, serial_undead, serial_undead_d, serial_undead_d,
          serial_undead_b, serial_undead_f, due_unseen_surprise
D:4:      layout_basic, grunt_temple_overflow_diamond, minmay_bent,
          uniq_duvessa, uniq_edmund
D:5:      layout_cave_pods, xom_butterflies, kennysheep_slug_shrine,
          hellmonk_ghost_happy_afterlife, uniq_ijyb
D:6:      layout_cave_pools, nicolae_tso_besieged_by_evil,
          uniq_crazy_yiuf_cottage, uniq_blork_the_orc
D:7:      layout_gridville, grunt_temple_overflow_open,
          minmay_temple_entry_enclosed_plants, minmay_misc_feat_roman,
          dk_noncrumbling_4, uniq_joseph
D:8:      layout_basic, nicolae_lava_and_water
Temple:   compressed_dpeg_triangle_lava_temple

Skill      XL: |  1  2  3  4  5  6  7  8  9 |
---------------+----------------------------+-----
Stealth        | 1 2 4 3 5 6 |  6.7
Dodging        | 3 4 5 7 |  7.1
Unarmed Combat | 4 5 6 7 9 |  9.1
Transmutations | 3 4 5 |  5.4
Spellcasting   | 3 4 |  4.9
Poison Magic   | 1 |  1.1
Evocations     | 1 |  1.7
Fighting       | 2 |  2.3

Action                   |  1- 3 |  4- 6 |  7- 9 || total
-------------------------+-------+-------+-------++-------
Melee: Unarmed           |    79 |   137 |   208 ||   424
       Headbutt          |    10 |    18 |    34 ||    62
       Punch             |     1 |     1 |     7 ||     9
       Bite              |     4 |    19 |    23 ||    46
 Cast: Beastly Appendage |    12 |    16 |    21 ||    49
       Wereblood         |     3 |    10 |    10 ||    23
       Spider Form       |       |       |     1 ||     1
Invok: Oozemancy         |       |     4 |     3 ||     7
 Abil: End Transformatio |       |     1 |       ||     1
Evoke: Wand              |       |       |     9 ||     9
  Use: Scroll            |       |     4 |     1 ||     5
 Stab: Sleeping          |     2 |     6 |     5 ||    13
Armor: Skin              |     6 |    13 |    12 ||    31
Dodge: Dodged            |    60 |    98 |   168 ||   326

Table legend: (Time is in decaauts)
 A = Elapsed time spent in this place.
 B = Non-inter-level travel time spent in this place.
 C = Inter-level travel time spent in this place.
 D = Time resting spent in this place.
 E = Time spent auto-exploring this place.
 F = Levels seen in this place.
 G = Mean time per level.
                   A        B        C        D        E       F      G
               +--------+--------+--------+--------+--------+-----+--------+
         Total |   5335 |   4920 |    415 |    209 |   2793 |   9 |  592.8 |
       Dungeon |   5140 |   4725 |    415 |    209 |   2611 |   8 |  642.5 |
        Temple |    194 |    194 |      0 |      0 |    182 |   1 |  194.0 |
               +--------+--------+--------+--------+--------+-----+--------+

Top non-repeatable levels by time:
     D:5: 961 daAuts
     D:4: 888 daAuts
     D:1: 881 daAuts
     D:3: 643 daAuts
     D:6: 623 daAuts
     D:7: 559 daAuts
     D:2: 307 daAuts
     D:8: 275 daAuts
  Temple: 194 daAuts
